Map: 强酸工厂 - 天梯版

Players

김경건씨 - Winner!

  • Race: Terran Terran
  • League: Gold
  • Spawn Location: 5:00

llllllll

  • Race: Zerg Zerg
  • League: Gold
  • Spawn Location: 11:00

VOD

Have the link to the VOD?

Description

Time

  • Played on: April 5, 2018, 3:33 a.m.
  • Length: 16:08
Show
View Real Time Build Order
Export as new Build Order

김경건씨 Terran - Winner!

Build Orders: Hellion Opening, Reaper Expand, MMM Bio 

Get SALT Encoding   

  12  0:02  SCV  
  13  0:15  SCV  
  13  0:18  Supply Depot  
  14  0:29  Refinery  
  14  0:30  SCV  
  15  0:45  SCV  
  15  0:49  Barracks  
  16  0:57  SCV  
  17  1:09  SCV  
  18  1:21  SCV  
  19  1:36  Orbital Command  
  19  1:37  Reaper  
  20  1:49  Command Center  
  20  2:02  SCV  
  21  2:11  Barracks Reactor  
  21  2:16  Factory  
  21  2:17  SCV  
  21  2:20  Supply Depot  
  22  2:26  Refinery  
  22  2:29  SCV  
  23  2:42  SCV  
  24  2:54  SCV  
  25  3:03  Orbital Command  
  25  3:07  Marine  
  25  3:08  Hellion x2  
  25  3:10  SCV  
  25  3:11  Starport  
  31  3:23  SCV  
  31  3:25  Barracks Tech Lab  
  32  3:30  SCV  
  32  3:31  Hellion x2  
  37  3:35  SCV  
  38  3:41  Supply Depot  
  38  3:42  SCV  
  39  3:49  Viking  
  39  3:50  Marine  
  39  3:52  Hellion x2  
  39  3:53  Stimpack  
  46  4:03  SCV x2  
  46  4:04  Supply Depot  
  48  4:12  Marine  
  48  4:15  SCV x2  
  51  4:21  Starport Reactor  
  51  4:27  SCV  
  51  4:29  SCV  
  51  4:30  Barracks  
  53  4:32  Factory Reactor, Refinery  
  53  4:35  Barracks  
  53  4:39  Supply Depot, SCV  
  53  4:43  Marine  
  55  4:46  SCV  
  55  4:51  SCV  
  48  5:15  Marine  
  48  5:18  Medivac, Marine  
  48  5:19  SCV x2  
  50  5:23  Refinery  
  50  5:24  Factory Tech Lab  
  50  5:30  Engineering Bay  
  50  5:31  Command Center, Marine x2, SCV  
  50  5:32  Marine, Engineering Bay  
  50  5:35  Marine  
  55  5:39  SCV  
  55  5:41  Supply Depot, Marine  
  57  5:43  Supply Depot, SCV  
  57  5:44  Siege Tank  
  61  5:51  SCV  
  61  5:53  Medivac x2, Marine x2  
  61  5:54  Marine x2  
  61  5:56  Combat Shields  
  70  6:02  SCV  
  71  6:07  SCV  
  71  6:08  Terran Infantry Weapons Level 1, Terran Infantry Armor Level 1  
  72  6:12  Supply Depot  
  72  6:13  Marine x2  
  72  6:14  Supply Depot, Marine  
  72  6:15  Marine x2  
  72  6:18  SCV  
  78  6:22  SCV  
  79  6:27  Medivac, Siege Tank  
  79  6:31  Marine  
  66  6:40  Marine x4  
  67  6:51  SCV  
  68  6:59  Supply Depot  
  68  7:00  Supply Depot  
  68  7:01  Marine x5  
  70  7:02  Medivac, Siege Tank  
  70  7:03  Medivac  
  70  7:04  SCV x2  
  70  7:08  Armory  
  82  7:18  Marine  
  82  7:19  SCV  
  84  7:23  Marine x2  
  84  7:24  Marine  
  84  7:25  Barracks  
  84  7:26  Barracks  
  84  7:29  SCV  
  88  7:35  Marine  
  88  7:36  Medivac, Barracks, Siege Tank  
  94  7:37  Barracks  
  94  7:38  Medivac  
  94  7:40  SCV  
  94  7:43  Orbital Command  
  97  7:50  Marine x3  
  100  7:51  Marine  
  101  7:59  Marine  
  101  8:00  SCV  
  101  8:05  Refinery  
  103  8:06  Refinery  
  103  8:07  Terran Infantry Armor Level 2  
  103  8:08  Terran Infantry Weapons Level 2  
  103  8:09  Terran Vehicle Weapons Level 1  
  103  8:12  Supply Depot  
  103  8:14  Supply Depot, SCV x2  
  103  8:16  Marine  
  103  8:17  Barracks Reactor  
  103  8:19  Barracks Reactor  
  106  8:20  SCV  
  106  8:21  Marine  
  106  8:22  Marine  
  109  8:31  SCV x2  
  111  8:36  SCV  
  111  8:38  Marine, Sensor Tower  
  111  8:39  Marine, Siege Tank  
  111  8:40  Marine x2  
  119  8:44  Barracks Reactor x2  
  119  8:45  SCV x2  
  119  8:48  SCV  
  122  8:55  Fusion Core  
  122  8:56  Starport  
  122  8:57  SCV x2  
  124  9:08  Marine  
  124  9:09  Marine x5  
  130  9:13  SCV x2  
  130  9:15  Marine  
  133  9:19  Supply Depot x2  
  133  9:20  Supply Depot  
  133  9:23  Liberator x2  
  133  9:24  Marine  
  132  9:28  Siege Tank  
  132  9:29  Marine  
  133  9:34  Starport Tech Lab  
  133  9:40  Marine x8  
  147  9:46  Marine x3  
  147  9:47  Marine x2  
  152  9:58  Marine  
  153  10:01  Supply Depot  
  153  10:02  Supply Depot, Marine x3  
  153  10:03  Marine  
  153  10:04  Refinery  
  153  10:05  Liberator  
  157  10:07  Command Center  
  157  10:10  Terran Vehicle Weapons Level 2  
  157  10:11  Supply Depot, Refinery  
  157  10:17  Advanced Ballistics  
  157  10:23  Siege Tank  
  163  10:31  Factory  
  152  10:53  Liberator x3  
  146  11:08  Marine  
  146  11:09  Marine x6  
  146  11:10  Siege Tank  
  165  11:15  SCV x3  
  168  11:20  Planetary Fortress  
  168  11:23  Marine x4  
  168  11:24  Factory Tech Lab  
  172  11:26  Terran Infantry Armor Level 3, Terran Infantry Weapons Level 3  
  172  11:27  SCV  
  173  11:35  Marine  
  173  11:36  Marine x6  
  180  11:57  Liberator x3  
  180  12:00  Marine x4  
  171  12:10  Marine x3, Siege Tank x2  
  171  12:11  Marine x5  
  195  12:15  SCV x2  
  195  12:20  Supply Depot  
  196  12:23  Command Center  
  196  12:44  Marine  
  196  12:45  Marine  
  198  12:53  Marine x2  
  200  13:11  Terran Vehicle Weapons Level 3  
  200  13:27  Liberator x3  
  157  13:43  Marine x8  
  157  13:44  Siege Tank x2  
  157  13:45  Marine x2  
  182  13:56  Marine x2  
  182  13:57  Marine  
  185  14:07  Marine x6  
  185  14:08  Marine  
  192  14:31  Command Center  
  192  14:33  Command Center, Refinery  
  192  14:34  Refinery x2  
  192  14:36  Refinery  
  192  14:54  Marine x2, Siege Tank  
  192  14:55  Siege Tank  
  192  14:58  Liberator  
Show
View Real Time Build Order
Export as new Build Order

llllllll Zerg 

Build Orders: Hatch First 

Get SALT Encoding   

  12  0:01  Drone  
  13  0:08  Drone  
  14  0:16  Overlord  
  14  0:35  Drone x3  
  17  0:54  Hatchery  
  17  0:56  Drone  
  17  1:11  Spawning Pool  
  17  1:13  Extractor  
  17  1:16  Drone  
  16  1:20  Drone  
  16  1:23  Drone  
  18  1:31  Drone  
  19  1:42  Overlord  
  19  1:58  Queen  
  19  1:59  Zergling x2  
  22  2:06  Queen  
  22  2:07  Zergling x2  
  22  2:08  Zergling x2  
  26  2:14  Metabolic Boost  
  26  2:22  Drone x2  
  28  2:24  Drone  
  29  2:32  Drone  
  29  2:35  Overlord  
  30  2:47  Queen  
  30  2:48  Drone  
  32  3:03  Drone x2  
  32  3:04  Drone x2  
  36  3:08  Lair  
  36  3:14  Baneling Nest  
  36  3:18  Drone x2  
  37  3:21  Drone  
  38  3:32  Drone x2  
  38  3:33  Drone x3  
  43  3:41  Overlord  
  43  3:45  Spine Crawler  
  42  3:59  Zergling x4  
  42  4:00  Zergling x4  
  46  4:07  Overlord x2  
  46  4:15  Extractor, Overlord x3  
  45  4:17  Extractor  
  45  4:19  Baneling x4  
  44  4:28  Overlord  
  44  4:43  Centrifical Hooks  
  39  5:10  Zergling x2  
  39  5:11  Zergling x18  
  46  5:16  Zergling x6  
  48  5:37  Drone x6  
  54  5:46  Overseer  
  54  5:48  Drone  
  55  6:00  Hydralisk Den, Drone x3  
  57  6:05  Baneling x7  
  57  6:07  Drone  
  57  6:08  Drone x3  
  61  6:18  Drone x2  
  59  6:39  Zergling x8  
  53  6:40  Drone  
  53  6:45  Zergling x6  
  55  6:53  Extractor, Muscular Augments  
  53  6:57  Evolution Chamber, Drone  
  53  7:01  Baneling  
  53  7:02  Baneling x4  
  53  7:16  Hatchery  
  53  7:18  Zergling x12  
  58  7:25  Zerg Melee Weapons Level 1  
  58  7:26  Drone x2  
  58  7:27  Drone  
  61  7:34  Infestation Pit  
  61  7:35  Spore Crawler  
  59  7:37  Spore Crawler  
  58  7:53  Drone x2  
  58  7:54  Overseer x2  
  60  8:00  Zergling x10  
  60  8:01  Hydralisk x5  
  60  8:04  Grooved Spines  
  75  8:09  Evolution Chamber  
  75  8:12  Baneling  
  74  8:13  Baneling x5  
  74  8:17  Hydralisk x3  
  77  8:34  Hydralisk x3  
  75  8:35  Zergling x10  
  86  8:46  Zerg Ground Armor Level 1  
  86  9:00  Drone x3  
  89  9:18  Spine Crawler  
  89  9:21  Queen  
  82  9:37  Hive  
  82  9:38  Zerg Melee Weapons Level 2  
  82  9:43  Spine Crawler  
  81  9:48  Drone x7  
  81  9:49  Drone x2  
  90  10:05  Extractor  
  90  10:06  Extractor  
  88  10:08  Spine Crawler, Drone  
  88  10:09  Spore Crawler, Drone x3  
  88  10:10  Spine Crawler  
  89  10:18  Zergling x2  
  89  10:20  Overlord x2  
  89  10:21  Overlord  
  90  10:34  Drone  
  73  10:51  Zergling x2  
  73  10:52  Zergling x28  
  73  10:53  Zergling x2  
  75  10:58  Zerg Ground Armor Level 2  
  75  11:02  Ultralisk Cavern  
  73  11:06  Zergling x2  
  73  11:07  Zergling x8  
  78  11:15  Zergling x4  
  78  11:18  Baneling x15  
  80  11:19  Baneling x14  
  80  11:20  Drone  
  81  11:33  Hydralisk x3  
  81  11:34  Hydralisk  
  89  11:46  Zergling x2  
  90  12:01  Zergling x8  
  86  12:03  Zergling x2  
  89  12:08  Overlord  
  89  12:09  Overlord x3  
  89  12:15  Drone  
  90  12:24  Chitinous Plating  
  90  12:25  Overlord x3  
  90  12:26  Queen  
  92  12:45  Hatchery  
  92  12:47  Drone x5  
  96  12:51  Spine Crawler  
  96  12:52  Spine Crawler  
  94  13:02  Queen  
  96  13:07  Ultralisk x2  
  96  13:09  Baneling  
  96  13:10  Baneling x2  
  99  13:36  Ultralisk  
  99  13:37  Ultralisk  
  82  13:49  Hydralisk  
  82  13:50  Hydralisk x4  
  92  13:58  Drone x4  
  92  13:59  Drone  
  97  14:11  Extractor  
  97  14:12  Adrenal Glands  
  97  14:14  Extractor  
  95  14:51  Hydralisk  
  95  14:52  Hydralisk x5  
  107  15:16  Spire  
  106  15:24  Hydralisk x4  
  106  15:25  Hydralisk x2  
Tags
 
Add a new tag
Caveats
  • Supply blocks, unpowered buildings, or Contaminate may cause inaccurate times.
  • Supply counts are checked every 10 seconds.